AoeStats
← Алгоритм выполне

MegaRandom

510163911Analyzed
4v4 RM · 3d ago on Sep 29, 2026· 68m 41s· 8 players
Game mode
Random Map
Map size
Large (8 player)
Population
200
Speed
Normal
Resources
Standard
Victory
Conquest
Starting age
Dark Age
Ending age
Imperial Age
RankedLock teamsTeams togetherTeam positionsShared explorationLock speedFull tech treeHidden civsTurbo modeCheats
Victory
Defeat
🇭🇰 Gurjaras · Hong Kong SAR China
1151
+15
1132
+16
🇨🇴 Khmer · Colombia
1110
+17
🇷🇴 Byzantines · Romania
1084
+18
🇺🇸 Chinese · United States
1293
-23
🇩🇪 Armenians · Germany
1190
-19
🇬🇧 Vikings · United Kingdom
1028
-12
🇺🇸 Teutons · United States
1023
-12
ALEJO7918
6:46 Loom
9:49 Feudal Age
10:26 Horse Collar
10:35 Double-Bit Axe
16:12 Castle Age
17:26 Bow Saw
18:38 Gold Mining
21:47 Fletching
21:43 Crossbowman
23:05 Padded Archer Armor
24:20 Leather Archer Armor
26:36 Bodkin Arrow
27:58 Ballistics
28:25 Wheelbarrow
27:35 Town Watch
29:26 Forging
33:45 Imperial Age
31:31 Hand Cart
31:16 Town Patrol
32:01 Iron Casting
31:31 Scale Barding Armor
33:57 Chain Barding Armor
33:53 Light Cavalry
34:43 Bloodlines
34:34 Husbandry
34:35 Arbalester
35:17 Bracer
35:48 Ring Archer Armor
35:54 Plate Barding Armor
35:50 Cavalier
35:59 Hussar
37:08 Capped Ram
38:51 Chemistry
37:48 Murder Holes
39:59 Siege Ram
42:31 Blast Furnace
48:29 Fortified Wall
48:32 Masonry
48:28 Siege Engineers
56:59 Conscription
57:16 Hoardings
61:41 Gold Shaft Mining
60:58 Stone Mining
67:14 Stone Shaft Mining
68:43 Architecture
68:24 Fortified Wall
68:06 Heated Shot
68:19 Scale Mail Armor
Алгоритм выполне
7:36 Loom
9:59 Feudal Age
11:02 Double-Bit Axe
16:21 Castle Age
14:26 Horse Collar
15:43 Gold Mining
17:23 Man-at-Arms
26:19 Long Swordsman
27:16 Gambesons
27:32 Squires
28:15 Bow Saw
28:25 Arson
28:39 Town Watch
29:32 Wheelbarrow
33:13 Imperial Age
31:29 Forging
32:33 Scale Mail Armor
33:32 Two-Handed Swordsman
34:46 Heavy Plow
34:30 Champion
37:08 Iron Casting
36:49 Chain Mail Armor
36:59 Elite Varangian Guard
39:17 Blast Furnace
39:05 Hoardings
38:51 Conscription
37:54 Northmen's Fury
39:41 Hand Cart
39:28 Town Patrol
40:06 Gold Shaft Mining
39:23 Stone Mining
39:34 Murder Holes
39:50 Masonry
39:14 Pikeman
40:26 Onager
40:40 Elite Jomsviking
41:27 Halberdier
42:55 Siege Onager
43:20 Hamask
47:17 Caravan
48:34 Capped Ram
48:35 Heavy Scorpion
52:48 Scale Barding Armor
53:14 Plate Mail Armor
52:45 Light Cavalry
53:36 Bloodlines
53:27 Husbandry
62:13 Chain Barding Armor
61:46 Fletching
63:10 Siege Ram
68:59 Sanctity
68:46 Siege Engineers
69:02 Ballistics
68:47 Padded Archer Armor
69:30 Coinage
Cristii'
9:08 Loom
10:56 Feudal Age
9:12 Loom
15:19 Castle Age
13:34 Double-Bit Axe
19:36 Fletching
33:12 Scale Barding Armor
36:45 Chain Barding Armor
36:36 Forging
36:37 Horse Collar
38:52 Redemption
40:19 Pikeman
41:00 Squires
40:46 Arson
40:48 Gambesons
46:33 Imperial Age
44:56 Wheelbarrow
44:57 Greek Fire
46:00 Iron Casting
47:03 Medium Warships
48:41 Heavy Warships
48:45 Gold Mining
54:05 Demolition Ship
55:41 Bodkin Arrow
58:15 Chemistry
57:37 Ballistics
57:51 Shipwright
60:14 Ballistics
65:33 Siphons
65:42 Logistica
67:47 Elite Cataphract
Futou Juhan
10:21 Loom
12:07 Feudal Age
14:00 Double-Bit Axe
16:20 Castle Age
16:41 Fletching
17:31 Man-at-Arms
25:47 Forging
27:52 Scale Barding Armor
30:36 Bow Saw
36:29 Wheelbarrow
39:41 Imperial Age
39:13 Hand Cart
38:58 Stone Mining
38:59 Gold Mining
39:14 Husbandry
39:27 Bloodlines
40:32 Town Watch
43:07 Stone Shaft Mining
43:08 Gold Shaft Mining
43:10 Fortified Wall
43:50 Caravan
44:40 Elite Shrivamsha Rider
45:43 Chain Barding Armor
45:59 Iron Casting
47:41 Plate Barding Armor
51:01 Fervor
51:19 Sanctity
51:12 Redemption
53:12 Kshatriyas
53:29 Conscription
56:15 Frontier Guards
60:36 Elite Skirmisher
61:34 Guard Tower
61:27 Treadmill Crane
65:26 Keep
65:52 Chemistry
67:17 Heavy Camel Rider
Pale Horse
7:42 Loom
9:53 Feudal Age
12:59 Man-at-Arms
13:49 Fishing Lines
15:51 Double-Bit Axe
24:13 Castle Age
22:13 Stone Mining
22:49 Horse Collar
26:25 Squires
26:11 Arson
26:35 Pikeman
29:07 Forging
28:57 Scale Mail Armor
30:04 Heavy Plow
31:41 Wheelbarrow
35:18 Town Watch
37:29 Fletching
43:30 Imperial Age
44:46 Iron Casting
45:31 Crop Rotation
45:33 Masonry
46:03 Elite Teutonic Knight
47:13 Crenellations
48:20 Chemistry
49:41 Bodkin Arrow
51:21 Ballistics
53:17 Hand Cart
54:46 Blast Furnace
54:01 Chain Mail Armor
54:37 Hoardings
55:18 Conscription
55:16 Chain Mail Armor
55:47 Ironclad
56:28 Heavy Scorpion
58:28 Town Patrol
63:16 Gold Mining
The Looinrims
0:28 Loom
10:03 Feudal Age
10:48 Double-Bit Axe
16:07 Castle Age
15:54 Horse Collar
16:08 Gold Mining
19:48 Bow Saw
21:06 Fervor
24:25 Coinage
25:06 Wheelbarrow
24:41 Heavy Plow
27:34 Hand Cart
27:56 Town Watch
33:40 Imperial Age
32:16 Town Patrol
32:12 Fletching
33:14 Stone Mining
33:21 Bodkin Arrow
33:29 Padded Archer Armor
35:41 Two-Man Saw
34:46 Bracer
35:02 Leather Archer Armor
35:49 Chemistry
36:36 Banking
36:57 Conscription
38:12 Ballistics
38:23 Elite Chu Ko Nu
39:19 Masonry
40:21 Ring Archer Armor
41:12 Sanctity
42:44 Thumb Ring
50:17 Murder Holes
50:53 Architecture
66:28 Scale Barding Armor
66:34 Forging
65:47 Light Cavalry
66:37 Bloodlines
66:28 Husbandry
trdc
8:31 Loom
10:22 Feudal Age
11:59 Double-Bit Axe
23:04 Castle Age
21:30 Padded Archer Armor
21:23 Fletching
24:18 Man-at-Arms
25:02 Squires
24:48 Arson
25:03 Crossbowman
25:58 Elite Skirmisher
26:30 Long Swordsman
29:18 Bodkin Arrow
29:24 Padded Archer Armor
29:28 Scale Mail Armor
30:16 Medium Warships
30:14 Gold Mining
37:30 Forging
39:34 Iron Casting
39:15 Chain Mail Armor
39:43 Leather Archer Armor
42:47 Ballistics
42:39 Clinker Construction
44:28 Gold Shaft Mining
44:24 Pikeman
50:17 Imperial Age
48:45 Chieftains
48:52 Horse Collar
51:54 Ring Archer Armor
51:25 Bracer
56:18 Chemistry
Nighttake
9:17 Loom
13:21 Feudal Age
13:25 Man-at-Arms
14:12 Long Swordsman
16:17 Arson
18:47 Scale Mail Armor
19:45 Forging
24:31 Horse Collar
27:07 Double-Bit Axe
27:18 Fishing Lines
30:13 Wheelbarrow
30:30 Fletching
32:46 Castle Age
32:01 Fletching
34:25 Gillnets
37:05 Imperial Age
34:36 Two-Handed Swordsman
36:11 Champion
36:37 Gambesons
37:09 Squires
38:06 Hand Cart
38:09 Medium Warships
38:50 Chain Mail Armor
40:02 Iron Casting
40:22 Town Watch
40:49 Bow Saw
40:34 Gold Mining
41:13 Careening
42:35 Heavy Warships
42:19 Bodkin Arrow
44:16 Bracer
46:15 Plate Mail Armor
46:53 Chemistry
46:13 Ballistics
46:32 Conscription
46:23 Cilician Fleet
47:08 Padded Archer Armor
47:21 Elite Skirmisher
48:24 Conscription
49:18 Leather Archer Armor
49:38 Dry Dock
49:28 Clinker Construction
53:09 Carvel Hull
53:01 Masonry
52:35 Treadmill Crane
53:55 Hoardings
55:40 Pikeman
58:11 Halberdier
Connection lost

Rejoining the realm…

Still unreachable

The connection could not be restored.

Session expired

The server has moved on; the page needs a fresh start.